 Dungeon Crawl Stone Soup version 0.28.0-49-g6dfe1f597d (webtiles) character file.

Game seed: 16742954586641785461

1849 nickcage the Carver (level 8, -1/56 HPs)
             Began as a Demonspawn Gladiator on May 16, 2022.
             Slain by a yak (12 damage)
             ... on level 5 of the Dungeon.
             The game lasted 00:14:41 (6004 turns).

nickcage the Carver (Demonspawn Gladiator)          Turns: 6004, Time: 00:14:42

Health: -1/56      AC: 15    Str: 17    XL:     8   Next: 88%
Magic:  8/8        EV: 12    Int: 10    God:
Gold:   186        SH:  0    Dex: 18    Spells: 7/7 levels left

rFire   . . .      SeeInvis .   w - +0 scimitar
rCold   . . .      Faith    .   (no shield)
rNeg    . . .      Spirit   .   b - +0 leather armour
rPois   +          Reflect  .   c - +0 helmet
rElec   +          Harm     .   (no cloak)
rCorr   +          Rampage  .   (no gloves)
Will    .....                   l - +1 pair of boots "Daysuc" {rElec rCorr Dex-2 Slay+4}
Stlth   +.........              q - amulet of the acrobat
HPRegen 0.18/turn               A - +6 ring of dexterity
MPRegen 0.11/turn               g - ring of poison resistance

@: sanguine armoured
A: demonic guardian 1, sanguine armour 2
a: no special abilities


You were on level 5 of the Dungeon.
You visited 2 branches of the dungeon, and saw 7 of its levels.

You collected 186 gold pieces.

Inventory:

Hand Weapons
 a - a +0 long sword
 w - a +0 scimitar (weapon)
Missiles
 d - 3 throwing nets
 h - a poisoned dart (quivered)
Armour
 b - a +0 leather armour (worn)
 c - a +0 helmet (worn)
 l - the +1 pair of boots "Daysuc" (worn) {rElec rCorr Dex-2 Slay+4}
   (You found it on level 2 of the Dungeon)

   Dex:       It affects your dexterity (-2).
   Slay:      It affects your accuracy & damage with ranged weapons and melee
   (+4).
   rElec:     It insulates you from electricity.
   rCorr:     It protects you from acid and corrosion.
Jewellery
 f - a +6 ring of intelligence
 g - a ring of poison resistance (right hand)
 q - an amulet of the acrobat (around neck)
 y - a ring of positive energy
 A - a +6 ring of dexterity (left hand)
Wands
 v - a wand of mindburst (19)
 x - a wand of charming (5)
 z - a wand of iceblast (3)
Scrolls
 i - 5 scrolls of teleportation {unknown}
 k - 3 scrolls of fog {unknown}
 o - 3 scrolls of fear {unknown}
 p - a scroll of identify {unknown}
 s - 3 scrolls of noise {unknown}
Potions
 e - a potion of lignification {unknown}
 j - a potion of flight {unknown}
 m - a potion of cancellation {unknown}
 n - a potion of berserk rage {unknown}
 r - 2 potions of curing {unknown}
 t - a potion of haste {unknown}
 u - 2 potions of heal wounds {unknown}
 B - a potion of mutation {unknown}


   Skills:
 - Level 2.0 Fighting
 + Level 10.9 Long Blades
 - Level 1.7 Throwing
 - Level 2.6 Dodging


You had 7 spell levels left.
You didn't know any spells.
Your spell library contained the following spells:

 Spells                   Type           Power      Damage    Failure   Level
 Beastly Appendage        Tmut           0%         N/A       43%         1
 Wereblood                Tmut           0%         N/A       56%         2
 Portal Projectile        Hex/Tloc       0%         N/A       80%         3
 Spider Form              Tmut/Pois      0%         N/A       80%         3
 Blade Hands              Tmut           0%         N/A       100%        5
 Excruciating Wounds      Necr           0%         N/A       100%        5


Dungeon Overview and Level Annotations

Branches:
Dungeon (6/15)             Temple (1/1) D:6

Altars:
Cheibriados
Dithmenos
Elyvilon
Fedhas
Gozag
Hepliaklqana
Nemelex Xobeh
Ru
Trog
Uskayaw
Vehumet
Wu Jian
Xom
The Shining One


Innate Abilities, Weirdness & Mutations

A weak demonic guardian rushes to your aid.
When seriously injured, your blood forms thick armour. (AC +9)


Message History

The water moccasin bites you but does no damage.
You slash the water moccasin!
The water moccasin is almost dead.
The water moccasin bites you but does no damage.
You slash the water moccasin!
You kill the water moccasin!
You see here a water moccasin corpse.
You start resting.
Your blood armour dries and flakes away.
You start resting.
HP restored.
There is a stone staircase leading down here.
You climb downwards.
The yak closely misses you. The yak gores you.
There is a stone staircase leading up here.
You barely miss the yak. The yak barely misses you. The yak closely misses you.
You slash the yak!
The yak is lightly wounded.
The yak gores you! The yak barely misses you.
You closely miss the yak.
The yak is lightly wounded.
The yak gores you!
Your blood congeals into armour.
The yak misses you.
You barely miss the yak.
The yak is lightly wounded.
You hit the yak.
The yak is moderately wounded.
The yak gores you but does no damage. x2
You barely miss the yak.
The yak is moderately wounded.
The yak gores you! The yak barely misses you.
You slice the yak!!
The yak is severely wounded.
The yak gores you!
* * * LOW HITPOINT WARNING * * *
The yak closely misses you.
You hit the yak.
The yak is almost dead.
The yak gores you.
* * * LOW HITPOINT WARNING * * *
A demonic guardian appears!
The yak gores you!
You die...

#................#
##### #......
#................##
#......
#.................#
##.....
#.................#
##.....
##................#
####......
#.................#
###.........
#...............5.#
#...........
................Y.#
#...........
...............Y@##
#...........
...............###
#...........
.............###
#...........
...#.....[.###
#...........
...#.......#
##.)........
....#......## #####
#..........
....#.......# ###...#
##.......#.
....#.......###.....#
#.......##
.....#......#.......##
##.....###


You could see 2 yaks and a friendly ufetubus (summoned).

Vanquished Creatures
  4 yaks
  2 water moccasins
  A black bear (D:5)
  3 ogres
  A kobold brigand (D:5)
  2 scorpions
  2 water moccasin skeletons (D:5)
  A bullfrog skeleton (D:4)
  A hound (D:3)
  A jelly (D:5)
  An orc priest (D:4)
  A centaur skeleton (D:5)
  A gnoll shaman (D:4)
  3 iguanas
  A hound skeleton (D:3)
  4 gnolls
  3 adders
  2 ufetubi (D:6)
  2 worms
  2 orcs
  7 endoplasms
  A giant cockroach (D:2)
  3 goblins
  14 hobgoblins
  7 jackals
  7 kobolds
  4 quokkas
  3 ball pythons
  7 bats
  2 frilled lizards (D:1)
  6 rats
99 creatures vanquished.

Vanquished Creatures (collateral kills)
  A gnoll (D:4)
  An orc (D:4)
2 creatures vanquished.

Vanquished Creatures (others)
  A quokka (D:4)
1 creature vanquished.

Grand Total: 102 creatures vanquished

Notes
Turn   | Place    | Note
-------+----------+-------------------------------------------
     0 | D:1      | nickcage the Demonspawn Gladiator began the quest for the
                  | Orb.
     0 | D:1      | Reached XP level 1. HP: 16/16 MP: 1/1
   190 | D:1      | Reached skill level 3 in Long Blades
   484 | D:1      | Gained mutation: When seriously injured, your blood forms
                  | armour. (AC +9) [demonic ancestry]
   484 | D:1      | Reached XP level 2. HP: 22/22 MP: 2/2
   534 | D:1      | Found a faded altar of an unknown god.
   832 | D:1      | Reached XP level 3. HP: 22/27 MP: 3/3
   924 | D:1      | Reached skill level 4 in Long Blades
  1382 | D:2      | Identified the +1 pair of boots "Daysuc" {rElec rCorr Dex-2
                  | Slay+4}
  1462 | D:2      | Gained mutation: When seriously injured, your blood forms
                  | thick armour. (AC +9) [demonic ancestry]
  1462 | D:2      | Reached XP level 4. HP: 18/33 MP: 4/4
  1693 | D:2      | Found a sparkling altar of Nemelex Xobeh.
  1957 | D:3      | Reached skill level 5 in Long Blades
  2027 | D:3      | Found a sparkling altar of Nemelex Xobeh.
  2126 | D:3      | Gained mutation: A weak demonic guardian rushes to your
                  | aid. [demonic ancestry]
  2126 | D:3      | Reached XP level 5. HP: 38/38 MP: 5/5
  2735 | D:4      | Reached skill level 6 in Long Blades
  2901 | D:4      | Noticed an ogre
  2938 | D:4      | Killed an ogre
  2939 | D:4      | Reached XP level 6. HP: 17/44 MP: 6/6
  3453 | D:4      | Reached skill level 7 in Long Blades
  3540 | D:5      | Entered Level 5 of the Dungeon
  3620 | D:5      | Reached XP level 7. HP: 47/50 MP: 7/7
  3886 | D:5      | Found a hazy altar of Hepliaklqana.
  3887 | D:5      | Found a faded altar of an unknown god.
  4096 | D:5      | Reached skill level 8 in Long Blades
  4585 | D:6      | Found a blossoming altar of Fedhas.
  4951 | D:6      | Reached skill level 9 in Long Blades
  4951 | D:6      | Reached XP level 8. HP: 41/56 MP: 8/8
  5068 | D:6      | Found a staircase to the Ecumenical Temple.
  5101 | Temple   | Entered the Ecumenical Temple
  5590 | D:6      | Reached skill level 10 in Long Blades
  6004 | D:5      | Slain by a yak

Illustrated notes

Levels and vault maps discovered:
D:1:      dpeg_arrival_triangle_fractal, layout_basic,
          hellmonk_ecumenical_altar_blasted
D:2:      layout_rooms, basic_altar, chequers_jeans
D:3:      layout_loops_cross, lemuel_doored_altar, serial_glass,
          glass_columns_c, glass_columns_a, hangedman_decor_diamond_cutter
D:4:      layout_gridville, elyvilon_altar_4, chequers_serial_rivers_micro_a,
          minmay_misc_feat_diagonals, st_stairs_7
D:5:      layout_cave_pods, beargit_hepliaklqana_dungeon_heroes
D:6:      layout_loops_ring, fedhas_altar_3, minmay_temple_entry_glass,
          kennysheep_diamond
Temple:   dpeg_chambers_temple

Skill      XL: |  1  2  3  4  5  6  7  8 |
---------------+-------------------------+-----
Long Blades    | 3 4 5 6 7 9 10 | 10.9
Fighting       | |  2.0
Throwing       | |  1.7
Dodging        | |  2.6

Action                   |  1- 3 |  4- 6 |  7- 9 || total
-------------------------+-------+-------+-------++-------
Melee: Long sword        |   107 |    85 |       ||   192
       Punch             |     1 |     1 |     2 ||     4
       Scimitar          |       |    10 |   104 ||   114
Throw: Dart              |     2 |    11 |    23 ||    36
 Stab: Sleeping          |     2 |       |       ||     2
Armor: Leather armour    |    69 |    33 |    42 ||   144
Dodge: Dodged            |   108 |    55 |    51 ||   214
